 Dungeon Crawl Stone Soup version 0.20.0-6-gd3061e9 (webtiles) character file.

42 nikopol the Skirmisher (level 3, 0/36 HPs)
             Began as a Gargoyle Berserker on May 28, 2017.
             Was a Believer of Trog.
             Slain by a gnoll
             ... wielding a +0 spear
              (3 damage)
             ... on level 2 of the Dungeon.
             The game lasted 00:01:18 (930 turns).

nikopol the Skirmisher (Gargoyle Berserker)          Turns: 930, Time: 00:01:19

Health: 0/36       AC:  9    Str: 25    XL:     3   Next: 54%
Magic:  3/3        EV: 10    Int:  7    God:    Trog [**....]
Gold:   70         SH:  0    Dex: 10    Spells: 2/2 levels left

rFire    . . .     SeeInvis .   a - +0 hand axe
rCold    . . .     Gourm    .   (no shield)
rNeg     + . .     Faith    .   d - +0 scale mail
rPois    ∞         Spirit   .   (no helmet)
rElec    +         Reflect  .   (no cloak)
rCorr    .         Harm     .   (no gloves)
MR       .....                  (no boots)
Stlth    ..........             (no amulet)
Regen    0.2/turn               (no ring)
MPRegen  0.1/turn               (no ring)

@: berserking, very quick
A: negative energy resistance 1, electricity resistance, unbreathing,
petrification resistance, rot immunity, AC +3
a: Berserk, Trog's Hand, Burn Spellbooks, Renounce Religion


You were on level 2 of the Dungeon.
You worshipped Trog.
Trog was pleased with you.
You were very hungry.

You visited 1 branch of the dungeon, and saw 2 of its levels.

You collected 70 gold pieces.

Inventory:

Hand Weapons
 a - a +0 hand axe (weapon)
Armour
 b - a +0 animal skin
 d - a +0 scale mail (worn)
Scrolls
 e - 2 scrolls of fear {unknown}
 g - 3 scrolls of identify {unknown}
Potions
 h - 2 potions of curing {unknown}
 j - a potion of haste {unknown}
 k - a potion of berserk rage {unknown}
 l - a potion of lignification {unknown}
 m - a potion of brilliance {unknown}
 n - a potion of might {unknown}
Comestibles
 c - a bread ration
 f - 2 meat rations
 i - a royal jelly


   Skills:
 + Level 3.8 Fighting
 + Level 3.2 Axes
 + Level 2.5 Armour
 + Level 1.9 Dodging


You had 2 spell levels left.
You didn't know any spells.

Dungeon Overview and Level Annotations

Branches:
Dungeon (2/15)

Altars:


Innate Abilities, Weirdness & Mutations

You are resistant to torment.
Your stone body is resilient. (AC +3)
You are immune to poison.
You resist negative energy. (rN+)
You are resistant to electric shocks. (rElec)
You can survive without breathing.
You are immune to petrification.
You are immune to rotting.


Message History

The gnoll hits you but does no damage.
The gnoll hits you from afar with a spear!
* * * LOW HITPOINT WARNING * * *
The gnoll drinks a potion.
The gnoll is healed!
You barely miss the gnoll. The gnoll barely misses you.
The gnoll hits you but does no damage. The gnoll hits you.
* * * LOW HITPOINT WARNING * * *
You slash the gnoll!
The gnoll is almost dead.
The gnoll hits you but does no damage. x2
You closely miss the gnoll.
The gnoll is almost dead.
The gnoll misses you.
You slash the gnoll!
You kill the gnoll!
Trog accepts your kill.
You can now call upon Trog for regeneration and protection from hostile enchantments.
The gnoll barely misses you.
The gnoll hits you from afar with a spear.
You die...

.+ .# # .# #.#######.#
###.... ....## ..
......g##†...#####...
.....gg'@............
.....gg##.............
.......
#..(.).........
......g
#...............
.......
#.......(.......#
.......
#...............#
.......
#####...........#
....... #...........#
#...........#


You could see 3 gnolls, a hobgoblin and a goblin.

Vanquished Creatures
  A gnoll (D:2)
  An ooze (D:1)
  2 giant cockroaches
  6 goblins
  3 hobgoblins (D:1)
  4 jackals (D:1)
  3 kobolds (D:1)
  2 ball pythons (D:1)
  2 bats (D:1)
  A frilled lizard (D:1)
25 creatures vanquished.

Notes
Turn   | Place    | Note
-------+----------+-------------------------------------------
     0 | D:1      | nikopol the Gargoyle Berserker began the quest for the Orb.
     0 | D:1      | Reached XP level 1. HP: 14/14 MP: 1/1
   188 | D:1      | Reached XP level 2. HP: 13/19 MP: 2/2
   498 | D:1      | Reached XP level 3. HP: 24/24 MP: 3/3
   930 | D:2      | Reached ** piety under Trog
   930 | D:2      | Slain by a gnoll

Skill      XL: |  1  2 |
---------------+-------+-----
Axes           | 3 |  3.2
Fighting       | |  3.8
Armour         | |  2.5
Dodging        | |  1.9

Action                   || total
-------------------------++-------
Melee: Hand axe          ||    83
Invok: Berserk           ||     1
Armor: Scale mail        ||    49
       Animal skin       ||     4
Dodge: Dodged            ||    62
